 Dungeon Crawl Stone Soup version 0.31.0-1-g2c135a0 (webtiles) character file.

Game seed: 8774394157341865338

144 bonscott the Magician (level 5, -2/35 HPs)
             Began as a Djinni Conjurer on Mar 16, 2024.
             Slain by an ogre
             ... wielding a +0 giant spiked club
              (33 damage)
             ... on level 2 of the Dungeon.
             The game lasted 00:12:46 (1964 turns).

bonscott the Magician (Djinni Conjurer)             Turns: 1964, Time: 00:12:46

Health: -2/35      AC:  2    Str:  8    XL:     5   Next: 51%
Gold:   64         EV: 12    Int: 20    God:
                   SH:  0    Dex: 11

rFire   + + .        b - +0 dagger (speed)
rCold   x . .        (no shield)
rNeg    . . .        a - +0 robe
rPois   ∞            (no helmet)
rElec   .            (no cloak)
rCorr   .            (no gloves)
SInv    .            (boots unavailable)
Will    .....        (no amulet)
Stlth   ++           (no ring)
HPRegen 0.25/turn    (no ring)
MPRegen 0.00/turn

%: infuse magic (-3 HP)
@: flying
A: sickness immunity, fire resistance 2, cold vulnerability 1, float, innate
caster, HP casting, extra vitality 1
a: no special abilities


You were on level 2 of the Dungeon.
You visited 1 branch of the dungeon, and saw 2 of its levels.

You collected 64 gold pieces.

Inventory:

Hand Weapons
 b - a +0 dagger of speed (weapon)
Missiles
 f - 6 datura-tipped darts
Armour
 a - a +0 robe (worn)
 n - a +0 kite shield
 o - a +0 ring mail
Scrolls
 c - 4 scrolls of revelation {unknown}
 g - a scroll of amnesia {unknown}
 i - 2 scrolls of fog {unknown}
 j - a scroll of butterflies {unknown}
 l - a scroll of identify
Potions
 d - a potion of lignification
 e - a potion of curing
 h - a potion of brilliance
 k - 2 potions of mutation {unknown}
 m - a potion of might {unknown}
 p - a potion of degeneration {unknown}


   Skills:
 - Level 2.1 Dodging
 - Level 1.5 Stealth
 + Level 5.2 Spellcasting
 + Level 5.2 Conjurations
 + Level 5.2 Hexes
   Level 0.0 Charms
 + Level 5.2 Summonings
 + Level 5.2 Necromancy
 + Level 5.2 Translocations
   Level 0.0 Transmutations
 + Level 5.2 Fire Magic
 + Level 5.2 Ice Magic
 + Level 5.2 Air Magic
 + Level 5.2 Earth Magic
 + Level 5.2 Alchemy


You knew the following spells:

 Your Spells              Type           Power      Damage    Failure   Level
a - Sting                 Conj/Alch      100%       1d9       1%          1
d - Magic Dart            Conj           100%       1d8       1%          1
f - Fulminant Prism       Conj/Alch      13%        3d8       13%         4
m - Iskenderun's Mystic   Conj/Tloc      26%        2d7       13%         4
q - Blink                 Tloc           52%        N/A       1%          2
r - Searing Ray           Conj           52%        2d6       1%          2
Your spell library was empty.

Dungeon Overview and Level Annotations

Branches:
Dungeon (2/15)

Altars:


Innate Abilities, Weirdness & Mutations

You are immune to sickness and miasma.
You are immune to poison.
Your flesh is very heat resistant. (rF++)
You are vulnerable to cold. (rC-)
You float through the air rather than walking.
You learn spells naturally, not from books.
Your magical power is your life essence.
You have superior vitality. (+4 MHP)


Message History

The searing ray hits the adder.
The adder is almost dead.
The adder misses you.
The searing ray misses the adder.
The adder closely misses you.
The searing ray hits the adder!
You kill the adder!
You finish channelling your searing ray.
The ogre shouts!
Casting: Searing Ray (safe; 1% risk of failure)
Confirm with . or Enter, or press ? or * to list all spells.
Aiming: Fulminant Prism (quite dangerous; 13% risk of failure)
Press: ? - help, Dir - move target You conjure a prism of explosive energy!
A fulminant prism comes into view.
The ogre hits your fulminant prism with a +0 giant spiked club!
Your fulminant prism detonates feebly.
Things that are here:
a +0 short sword; a stone
There is an open door here.
You reach down and close the door.
Something unseen breaks down the door.
You see here a +0 dagger.
Casting: Fulminant Prism (quite dangerous; 13% risk of failure)
Confirm with . or Enter, or press ? or * to list all spells.
Aiming: Searing Ray (safe; 1% risk of failure)
Press: ? - help, Shift-Dir - straight line, f - ogre
Aim: an ogre, wielding a +0 giant spiked club (90% to hit)
The searing ray hits the ogre.
The ogre is lightly wounded. (Press . to maintain the ray.)
The searing ray hits the ogre.
The ogre is moderately wounded.
The searing ray hits the ogre.
The ogre is heavily wounded.
The searing ray hits the ogre.
The ogre is severely wounded.
You finish channelling your searing ray.
The ogre hits you with a +0 giant spiked club!!
Ouch! That really hurt!
You die...

#'#.#..#.###....##
#.###.#.÷#.###...#
#...###.#..#.###.#
###...###.#..#.#'#
#.###...###......#
#...##).##.#..#.##
###....##.#..#.###
#.##..##.#..#.##.#
#....##.#..#.##.@#
##..##.#..#.##.O##
#..##.#..#.##....#
#.##.#..#.##..##.#
###.#..#.##....###
##.#..#.##))##...#
#......###...###.#
#'#.#(.#.###...###
#†###.#..#.###.O.#


You could see an ogre.

Vanquished Creatures
  Jessica (D:2)
  5 adders (D:2)
  A dart slug (D:2)
  4 ribbon worms (D:2)
  6 endoplasms
  A giant cockroach (D:1)
  5 goblins
  8 hobgoblins
  5 jackals (D:1)
  5 quokkas
  3 ball pythons
  4 bats
  7 kobolds
  5 rats
60 creatures vanquished.

Vanquished Creatures (others)
  A fulminant prism (D:2)
1 creature vanquished.

Grand Total: 61 creatures vanquished

Notes
Turn   | Place    | Note
-------+----------+-------------------------------------------
     0 | D:1      | bonscott the Djinni Conjurer began the quest for the Orb.
     0 | D:1      | bonscott set off with the following spells memorised: Magic
                  | Dart, Searing Ray, Fulminant Prism, Iskenderun's Mystic
                  | Blast.
     0 | D:1      | Reached XP level 1. HP: 15/15 MP: 0/0
   263 | D:1      | Reached XP level 2. HP: 15/21 MP: 0/0
   592 | D:1      | Reached XP level 3. HP: 22/25 MP: 0/0
   592 | D:1      | Learned a level 1 spell: Sting
   924 | D:2      | Reached XP level 4. HP: 26/31 MP: 0/0
   966 | D:2      | Noticed an ogre
  1356 | D:2      | Noticed Jessica
  1361 | D:2      | Killed Jessica
  1362 | D:2      | Reached skill level 5 in Spellcasting
  1362 | D:2      | Reached skill level 5 in Conjurations
  1362 | D:2      | Reached skill level 5 in Hexes
  1362 | D:2      | Reached skill level 5 in Summonings
  1362 | D:2      | Reached skill level 5 in Necromancy
  1362 | D:2      | Reached skill level 5 in Translocations
  1362 | D:2      | Reached skill level 5 in Fire Magic
  1362 | D:2      | Reached skill level 5 in Ice Magic
  1362 | D:2      | Reached skill level 5 in Air Magic
  1362 | D:2      | Reached skill level 5 in Earth Magic
  1362 | D:2      | Reached skill level 5 in Alchemy
  1362 | D:2      | Reached XP level 5. HP: 33/35 MP: 0/0
  1362 | D:2      | Learned a level 2 spell: Blink
  1964 | D:2      | Slain by an ogre

Illustrated notes

Levels and vault maps discovered:
D:1:      wheals_arrival_shading, layout_basic
D:2:      minmay_razor_zed, layout_basic, uniq_jessica

Skill      XL: |  1  2  3  4 |
---------------+-------------+-----
Spellcasting   | 4 5 |  5.2
Conjurations   | 4 5 |  5.2
Hexes          | 4 5 |  5.2
Summonings     | 4 5 |  5.2
Necromancy     | 4 5 |  5.2
Translocations | 4 5 |  5.2
Fire Magic     | 4 5 |  5.2
Ice Magic      | 4 5 |  5.2
Air Magic      | 4 5 |  5.2
Earth Magic    | 4 5 |  5.2
Alchemy        | 4 5 |  5.2
Dodging        | |  2.1
Stealth        | |  1.5

Action                     |  1- 3 |  4- 6 || total
---------------------------+-------+-------++-------
  Melee: Unarmed           |     1 |       ||     1
         Dagger            |       |     1 ||     1
   Cast: Magic Dart        |    69 |    66 ||   135
         Searing Ray       |     2 |     8 ||    10
         Fulminant Prism   |       |     1 ||     1
    Use: Scroll            |     3 |       ||     3
 Armour: Robe              |     5 |     1 ||     6
  Dodge: Dodged            |    12 |     3 ||    15
